 Dungeon Crawl Stone Soup version 0.20.1-1-g8b1a95d (webtiles) character file.

39 letownia2 the Grave Robber (level 3, -14/28 HPs)
             Began as a Deep Dwarf Necromancer on Nov 2, 2017.
             Was an Initiate of Gozag.
             Demolished by an ogre
             ... wielding a +0 giant club
              (23 damage)
             ... on level 5 of the Dungeon.
             The game lasted 00:01:34 (578 turns).

letownia2 the Grave Robber (Deep Dwarf Necromancer)  Turns: 578, Time: 00:01:34

Health: -14/28     AC:  3    Str: 11    XL:     3   Next: 26%
Magic:  0/6        EV: 12    Int: 16    God:    Gozag
Gold:   14         SH:  0    Dex: 13    Spells: 3/7 levels left

rFire    . . .     SeeInvis .   (no weapon)
rCold    . . .     Gourm    .   (no shield)
rNeg     . . .     Faith    .   i - +0 leather armour
rPois    .         Spirit   .   (no helmet)
rElec    .         Reflect  .   (no cloak)
rCorr    .         Harm     .   (no gloves)
MR       .....                  (no boots)
Stlth    ++........             (no amulet)
Regen    0.0/turn               (no ring)
MPRegen  0.1/turn               (no ring)

@: non-regenerating
A: damage resistance, heal wounds, sense surroundings 1, no regeneration
a: Heal Wounds, Potion Petition, Call Merchant, Bribe Branch, Renounce Religion


You were on level 5 of the Dungeon.
You worshipped Gozag.
Gozag was noncommittal.
You were not hungry.

You visited 2 branches of the dungeon, and saw 6 of its levels.

You collected 61 gold pieces.
You paid 47 gold pieces to Gozag.

Inventory:

Armour
 a - a +0 robe
 i - a +0 leather armour (worn)
Scrolls
 e - a scroll of recharging {unknown}
 g - a scroll of immolation {unknown}
 h - a scroll of teleportation {unknown}
 j - a scroll of remove curse {unknown}
 k - a scroll of identify {unknown}
 l - a scroll of enchant weapon {unknown}
Potions
 d - a potion of haste {unknown}
Books
 b - a book of Necromancy

   Spells                             Type                      Level
   a - Pain                           Necromancy                   1
   b - Animate Skeleton               Necromancy                   1
   c - Vampiric Draining              Necromancy                   3
   d - Regeneration                   Charms/Necromancy            3
   e - Animate Dead                   Necromancy                   4
   f - Control Undead                 Necromancy                   4
Comestibles
 c - 2 bread rations
 f - a royal jelly


   Skills:
 - Level 2.1 Dodging
 - Level 2.4 Stealth
 + Level 2.5 Spellcasting
 - Level 5.1 Necromancy


You had 3 spell levels left.
You knew the following spells:

 Your Spells              Type           Power        Failure   Level  Hunger
a - Pain                  Necr           ###.         3%          1    #......
v - Vampiric Draining     Necr           ###.......   10%         3    ###....


Dungeon Overview and Level Annotations

Branches:
Dungeon (5/15)             Temple (1/1) D:5

Altars:
Gozag
Hepliaklqana
Qazlal
Vehumet
Jiyva

Annotations:
D:3 TenguReborn's ghost, amateur TeVM


Innate Abilities, Weirdness & Mutations

You are resistant to damage.
You can heal yourself by infusing magical energy.
You passively map a small area around you.
You do not regenerate.


Message History

Press: ? - help, Shift-Dir - straight line, f/p - ogre
Aim: an ogre, wielding a giant club (moderately wounded, chance to defeat MR: 78%)
The ogre writhes in agony!
The ogre hits you with a giant club!
* * * LOW HITPOINT WARNING * * *
Unknown command.
Unknown command.
Found a stone staircase leading up.
Casting: Pain
Confirm with . or Enter, or press ? or * to list all spells.
Aiming: Vampiric Draining
Press: ? - help, Shift-Dir - straight line, f/p - ogre
Aim: an ogre, wielding a giant club (moderately wounded)
The ogre is severely wounded.
You feel life coursing into your body. The ogre hits you with a giant club.
Unknown command.
There is a stone staircase leading up here.
The ogre hits you with a giant club!!
Ouch! That really hurt!
You die...
Your body crumbles into a pile of gold.

#...####..# ,* #
#.#.......###....
*
#...#####....?...
##.## #########
#.# #.# * #.#
#<###########
#...O@.......
############.* *
* * * * *


You could see an ogre.

Vanquished Creatures
  A worker ant (D:5)
  An adder (D:4)
  A goblin (D:2)
  2 hobgoblins
  A kobold (D:3)
  A rat (D:3)
7 creatures vanquished.

Notes
Turn   | Place    | Note
-------+----------+-------------------------------------------
     0 | D:1      | letownia2 the Deep Dwarf Necromancer began the quest for the Orb.
     0 | D:1      | Reached XP level 1. HP: 15/15 MP: 3/3
   106 | D:2      | Found a radiant altar of Vehumet.
   218 | D:3      | Noticed TenguReborn's ghost (amateur TeVM)
   403 | D:4      | Noticed a howler monkey
   409 | D:4      | Reached XP level 2. HP: 19/22 MP: 0/5
   436 | D:5      | Entered Level 5 of the Dungeon
   478 | D:5      | Found a staircase to the Ecumenical Temple.
   500 | D:5      | Reached skill level 5 in Necromancy
   500 | D:5      | Reached XP level 3. HP: 19/28 MP: 0/6
   505 | D:5      | Learned a level 3 spell: Vampiric Draining
   515 | Temple   | Entered the Ecumenical Temple
   519 | Temple   | Became a worshipper of Gozag Ym Sagoz the Greedy
   558 | D:5      | Noticed an ogre
   578 | D:5      | Demolished by an ogre

Skill      XL: |  1  2 |
---------------+-------+-----
Spellcasting   | 2 |  2.5
Necromancy     | 5 |  5.1
Dodging        | |  2.1
Stealth        | |  2.4

Action                   || total
-------------------------++-------
 Cast: Pain              ||    21
       Vampiric Draining ||     1
Armor: Leather armour    ||     2
Dodge: Dodged            ||     5
